AoeStats
← Infadel

Arabia

509475042Analyzed
1v1 RM · 5d ago on Sep 26, 2026· 25m 16s· 2 players
Game mode
Random Map
Map size
Tiny (2 player)
Population
200
Speed
Normal
Resources
Standard
Victory
Conquest
Starting age
Dark Age
Ending age
Imperial Age
RankedLock teamsTeams togetherTeam positionsShared explorationLock speedFull tech treeHidden civsTurbo modeCheats
Victory
Defeat
🇪🇸 Persians · Spain
1136
+15
🇮🇳 Saracens · India
1117
-15
Infadel
7:15 Loom
9:46 Feudal Age
11:53 Double-Bit Axe
17:46 Forging
23:49 Castle Age
25:59 Iron Casting
25:30 Scale Barding Armor
25:39 Bloodlines
Elevenaoe11
6:07 Loom
9:24 Feudal Age
9:26 Man-at-Arms
9:52 Double-Bit Axe
19:22 Wheelbarrow
22:58 Castle Age
21:24 Padded Archer Armor
21:56 Fletching
23:22 Horse Collar
23:56 Bow Saw
23:11 Crossbowman
23:55 Bodkin Arrow
24:40 Gold Mining
25:38 Heavy Plow
Connection lost

Rejoining the realm…

Still unreachable

The connection could not be restored.

Session expired

The server has moved on; the page needs a fresh start.